 Dungeon Sprint DCSS version 0.27-a0-1513-g2aaa0cc67b (webtiles) character file.

Game seed: 6021771502722654877

4097 mhtbhm the Severer (level 10, -16/100 HPs)
             Began as a Minotaur Monk on July 9, 2021.
             Was the Champion of Qazlal.
             Demolished by a vampire knight (20 damage)
             ... while paralysed by a vampire knight
             ... in the Dungeon (Sprint VII: "The Pits").
             The game lasted 00:02:08 (1823 turns).

mhtbhm the Severer (Minotaur Monk)                  Turns: 1823, Time: 00:02:09

Health: -16/100    AC: 23    Str: 18 (20) XL:     10   Next: 5%
Magic:  0/15       EV:  2    Int:  6 (7)  God:    Qazlal [******]
Gold:   0          SH:  0    Dex: 13 (15) Spells: 9/9 levels left

rFire    . . .     SeeInvis .   a - +2 war axe (freeze)
rCold    . . .     Faith    .   (no shield)
rNeg     . . .     Spirit   .   b - +4 chain mail
rPois    .         Reflect  .   (helmet restricted)
rElec    .         Harm     .   q - +0 cloak
rCorr    .         Rampage  .   (no gloves)
Will     .....     NoTele   +   (no boots)
Stlth    ..........             (no amulet)
HPRegen  0.26/turn              m - +3 ring of protection
MPRegen  0.14/turn              n - +3 ring of dexterity

@: paralysed, lethally poisoned (-16 -> -47), protected from physical damage,
repel missiles
A: horns 2, retaliatory headbutt
a: Renounce Religion, Upheaval, Elemental Force, Disaster Area


You were in the Dungeon.
You worshipped Qazlal.
Qazlal was exalted by your worship.
You visited 1 branch

Inventory:

Hand Weapons
 a - a +2 war axe of freezing (weapon)
Missiles
 l - a curare-tipped dart (quivered)
Armour
 b - a +4 chain mail (worn)
 q - a +0 cloak (worn)
Jewellery
 m - a +3 ring of protection (left hand)
 n - a +3 ring of dexterity (right hand)
Scrolls
 h - a scroll of blinking
 j - 5 scrolls of amnesia
 k - a scroll of summoning
Potions
 c - 7 potions of curing
 d - 10 potions of heal wounds
 e - 2 potions of haste
 f - 4 potions of magic
 g - 3 potions of berserk rage
 i - 2 potions of invisibility
 o - a potion of brilliance
 p - a potion of resistance


   Skills:
 + Level 12.8 Fighting
 + Level 15.6 Axes
 + Level 10.3 Armour
 + Level 9.2 Dodging
 + Level 3.5 Stealth
 + Level 8.4 Shields
 * Level 8.4 Invocations


You had 9 spell levels left.
You didn't know any spells.
Your spell library was empty.

Dungeon Overview and Level Annotations

Branches:
Dungeon (1/1)

Altars:
Ashenzari
Cheibriados
Dithmenos
Elyvilon
Fedhas
Gozag
Hepliaklqana
Kikubaaqudgha
Makhleb
Nemelex Xobeh
Okawaru
Qazlal
Ru
Sif Muna
Trog
Uskayaw
Vehumet
Wu Jian
Xom
Yredelemnul
Zin
The Shining One
Beogh
Jiyva
Lugonu


Innate Abilities, Weirdness & Mutations

You have a pair of horns on your head.
You reflexively headbutt those who attack you in melee.


Message History

You suddenly lose the ability to move!
The frilled lizard hisses.
The jumping spider is engulfed in blazing flames.
The jumping spider leaps!
Something hits you but does no damage. x2
Something stings you but does no damage.
The vampire knight hits you but does no damage.
The vampire knight bites you but does no damage.
Something hits you! Something hits you but does no damage.
Something stings you.
You are lethally poisoned!
Something poisons you!
The vampire knight hits you with a +2 broad axe.
You feel protected from physical attacks.
The vampire knight bites you but does no damage.
* * * LOW HITPOINT WARNING * * *
You feel extremely sick. Something hits you.
* * * LOW HITPOINT WARNING * * *
You feel weakened. Something hits you.
* * * LOW HITPOINT WARNING * * *
You feel dopey. Something completely misses you.
The basilisk is struck by lightning.
The vampire knight hits you with a +2 broad axe.
* * * LOW HITPOINT WARNING * * *
The vampire knight bites you but does no damage.
* * * LOW HITPOINT WARNING * * *
You feel extremely sick.
You feel you are being watched by something.
You feel your power leaking away.
Something hits you but does no damage. x2
Something stings you but does no damage.
Something hits you!
* * * LOW HITPOINT WARNING * * *
You feel clumsy. Something hits you but does no damage.
Something stings you but does no damage.
The vampire knight hits you with a +2 broad axe!!
You die...

..........#
###''######
.##''######### ####
.##).)...#...+ ###...#
.##....###.[.## .#...#
.##...##.+...+.##
....#
.##..##..##'##..##s..#
.##..#..##...##○.Vl..#
.##..#.†#.....#☼@#...#
###..'..'.....'☼○{°..+
###..#..#÷....#..#l..#
.##..#..##...##..+...#
[##..##..##'##..##...#
)##...##.+...+.##
....# )##....###.(.##
.#...# )##......#...+
###...# ##############
####


You could see a vampire knight, a basilisk, a jumping spider and a frilled
lizard.

Vanquished Creatures
  A deep troll (D)
  A cyclops (D)
  A demonic crawler (D)
  3 hellwings (D)
  2 trolls (D)
  A hornet (D)
  A redback (D)
  A ynoxinul (D)
  A fire bat (D)
  A steam dragon (D)
  An acid dragon (D)
  An ogre (D)
  5 wolves (D)
  Blork the orc (D)
  A kobold brigand (D)
  A scorpion (D)
  3 wights (D)
  A quasit (D)
  A jelly (D)
  An orc priest (D)
  A hell rat (D)
  A mummy (D)
  An ufetubus (D)
  An adder skeleton (D)
  A bat skeleton (D)
  3 goblins (D)
  A hobgoblin (D)
  4 jackals (D)
  A quokka (D)
  2 ball pythons (D)
  A ball python skeleton (D)
  A ball python zombie (D)
  A frilled lizard (D)
  A rat (D)
49 creatures vanquished.

Notes
Turn   | Place    | Note
-------+----------+-------------------------------------------
     0 | D        | mhtbhm the Minotaur Monk began the quest for the Orb.
     0 | D        | Reached XP level 1. HP: 19/19 MP: 0/0
    18 | D        | Found a bloodstained altar of Trog.
    18 | D        | Found a shimmering blue altar of Sif Muna.
    18 | D        | Found a viscous altar of Jiyva.
    18 | D        | Found a hazy altar of Hepliaklqana.
    18 | D        | Found an opulent altar of Gozag.
    19 | D        | Found a glowing golden altar of the Shining One.
    19 | D        | Found a glowing silver altar of Zin.
    19 | D        | Found a basalt altar of Yredelemnul.
    19 | D        | Found a shimmering altar of Xom.
    19 | D        | Found an ornate altar of the Wu Jian Council.
    19 | D        | Found a sacrificial altar of Ru.
    19 | D        | Found a stormy altar of Qazlal.
    19 | D        | Found an iron altar of Okawaru.
    19 | D        | Found a sparkling altar of Nemelex Xobeh.
    19 | D        | Found a burning altar of Makhleb.
    19 | D        | Found a blossoming altar of Fedhas.
    19 | D        | Found a white marble altar of Elyvilon.
    19 | D        | Found a shadowy altar of Dithmenos.
    19 | D        | Found a snail-covered altar of Cheibriados.
    21 | D        | Found a radiant altar of Vehumet.
    21 | D        | Found a corrupted altar of Lugonu.
    22 | D        | Found a hide-covered altar of Uskayaw.
    22 | D        | Found an ancient bone altar of Kikubaaqudgha.
    22 | D        | Found a broken altar of Ashenzari.
    28 | D        | Became a worshipper of Qazlal Stormbringer
    28 | D        | Reached * piety under Qazlal
    28 | D        | Reached ** piety under Qazlal
    69 | D        | Reached skill level 4 in Axes
   157 | D        | Reached *** piety under Qazlal
   158 | D        | Reached XP level 2. HP: 28/28 MP: 1/1
   250 | D        | Noticed a kobold brigand
   256 | D        | Reached **** piety under Qazlal
   268 | D        | Killed a kobold brigand
   269 | D        | Reached skill level 7 in Axes
   269 | D        | Reached skill level 5 in Dodging
   269 | D        | Reached XP level 3. HP: 16/38 MP: 2/2
   269 | D        | Reached XP level 4. HP: 18/45 MP: 3/3
   508 | D        | Noticed an ogre
   513 | D        | Reached ***** piety under Qazlal
   516 | D        | Killed an ogre
   517 | D        | Reached skill level 8 in Axes
   517 | D        | Reached skill level 1 in Shields
   517 | D        | Reached XP level 5. HP: 44/53 MP: 4/4
   522 | D        | Reached skill level 9 in Axes
   522 | D        | Reached skill level 1 in Armour
   665 | D        | Noticed a steam dragon
   677 | D        | Killed a steam dragon
   678 | D        | Reached skill level 10 in Axes
   678 | D        | Reached XP level 6. HP: 29/66 MP: 5/5
   867 | D        | Reached skill level 10 in Fighting
   867 | D        | Reached skill level 11 in Axes
   867 | D        | Reached ****** piety under Qazlal
   940 | D        | Noticed Blork the orc
   940 | D        | Noticed a hellwing
   963 | D        | Killed a hellwing
   964 | D        | Reached XP level 7. HP: 60/73 MP: 5/7
   966 | D        | Killed Blork the orc
   967 | D        | Reached skill level 12 in Axes
  1160 | D        | Noticed a demonic crawler
  1171 | D        | Reached skill level 5 in Armour
  1171 | D        | Killed a demonic crawler
  1172 | D        | Reached skill level 5 in Shields
  1172 | D        | Reached XP level 8. HP: 53/82 MP: 8/10
  1281 | D        | Noticed a hellwing
  1304 | D        | Killed a hellwing
  1305 | D        | Reached skill level 13 in Axes
  1305 | D        | Reached skill level 5 in Invocations
  1471 | D        | Noticed a troll
  1486 | D        | Killed a troll
  1487 | D        | Reached skill level 14 in Axes
  1487 | D        | Reached XP level 9. HP: 63/90 MP: 10/12
  1595 | D        | Noticed a deep troll
  1602 | D        | Killed a deep troll
  1609 | D        | Noticed a cyclops
  1617 | D        | Killed a cyclops
  1618 | D        | Reached skill level 15 in Axes
  1630 | D        | Noticed a troll
  1631 | D        | Noticed a hellwing
  1636 | D        | Killed a troll
  1637 | D        | Reached skill level 10 in Armour
  1646 | D        | Killed a hellwing
  1647 | D        | Reached XP level 10. HP: 58/100 MP: 15/15
  1812 | D        | Noticed a vampire knight
  1819 | D        | Paralysed by a vampire knight for 7 turns
  1823 | D        | HP: 4/100 [something (10)]
  1823 | D        | Demolished by a vampire knight

Illustrated notes

Levels and vault maps discovered:
D:        pitsprint [storerooms_1, entrance_room_1, metal_vault_6, armoury_2,
          mini_pit_1, grid_room_1, main_hall_1, silver_pit, the_coven_3,
          the_vestibule_1, steel_vault_4, golden_pit, hallway_of_sentries,
          crystal_vault_3, iron_vault_1, final_vault]

Skill      XL: |  1  2  3  4  5  6  7  8  9 |
---------------+----------------------------+-----
Fighting       | 4 6 8 9 10 11 12 | 12.8
Axes           | 4 7 8 10 11 12 14 15 | 15.6
Dodging        | 4 5 6 7 8 9 |  9.2
Stealth        | 2 3 |  3.5
Shields        | 1 2 4 5 6 8 |  8.4
Armour         | 2 4 5 8 10 | 10.3
Invocations    | 2 4 6 8 |  8.4

Action                   |  1- 3 |  4- 6 |  7- 9 | 10-12 || total
-------------------------+-------+-------+-------+-------++-------
Melee: Hand axe          |    26 |    62 |     3 |       ||    91
       Headbutt          |     4 |    11 |    17 |     2 ||    34
       War axe           |       |       |    67 |     5 ||    72
  Use: Potion            |       |     1 |     1 |       ||     2
 Stab: Sleeping          |     1 |       |       |       ||     1
Armor: Robe              |     3 |       |       |       ||     3
       Chain mail        |       |    20 |    64 |    24 ||   108
Dodge: Dodged            |    10 |    20 |    61 |     4 ||    95
Block: Other             |     4 |    20 |    42 |     4 ||    70

Table legend: (Time is in decaauts)
 A = Elapsed time spent in this place.
 B = Non-inter-level travel time spent in this place.
 C = Inter-level travel time spent in this place.
 D = Time resting spent in this place.
 E = Time spent auto-exploring this place.
 F = Levels seen in this place.
 G = Mean time per level.
                   A        B        C        D        E       F      G
               +--------+--------+--------+--------+--------+-----+--------+
         Total |   1805 |   1805 |      0 |   1213 |    162 |   1 | 1805.0 |
       Dungeon |   1805 |   1805 |      0 |   1213 |    162 |   1 | 1805.0 |
               +--------+--------+--------+--------+--------+-----+--------+

Top non-repeatable levels by time:
       D: 1805 daAuts
